 Dungeon Crawl Stone Soup version 0.30-a0-1163-gf69bf04e7a (webtiles) character file.

Game seed: 13633970807051211779

298 Jase the Shield-Bearer (level 6, -3/48 HPs)
             Began as a Formicid Fighter on Apr 28, 2023.
             Was a Believer of Vehumet.
             Slain by Pikel
             ... wielding a +0 whip of electrocution
              (11 damage)
             ... on level 4 of the Dungeon.
             The game lasted 00:04:52 (2255 turns).

Jase the Shield-Bearer (Formicid Fighter)           Turns: 2255, Time: 00:04:53

Health: -3/48      AC: 10    Str: 22    XL:     6   Next: 62%
Magic:  8/8        EV:  9    Int:  8    God:    Vehumet [**....]
Gold:   182        SH:  5    Dex: 13    Spells: 7/8 levels left

rFire   . . .        a - +0 war axe
rCold   . . .        c - +0 buckler
rNeg    . . .        b - +0 scale mail
rPois   .            (helmet unavailable)
rElec   .            j - +0 cloak
rCorr   .            p - +0 pair of gloves
SInv    +            l - +0 pair of boots
Will    .....        t - amulet of the acrobat Stlth
                     (no ring)
HPRegen 0.28/turn    (no ring)
MPRegen 0.11/turn

%: acrobat
@: no status effects
A: permanent stasis, dig shafts and tunnels, antennae 3, four strong arms
a: Dig, Shaft Self, Renounce Religion


You were on level 4 of the Dungeon.
You worshipped Vehumet.
Vehumet was pleased with you.
You visited 1 branch of the dungeon, and saw 4 of its levels.

You collected 182 gold pieces.

Inventory:

Hand Weapons
 a - a +0 war axe (weapon)
Missiles
 k - 39 stones
 w - 3 poisoned darts
Armour
 b - a +0 scale mail (worn)
 c - a +0 buckler (worn)
 j - a +0 cloak (worn)
 l - a +0 pair of boots (worn)
 p - a +0 pair of gloves (worn)
Jewellery
 t - an amulet of the acrobat (around neck)
Scrolls
 h - a scroll of fog {unknown}
 i - a scroll of silence {unknown}
 m - 4 scrolls of teleportation {unknown}
 n - 2 scrolls of identify {unknown}
 o - a scroll of enchant armour {unknown}
 r - a scroll of brand weapon {unknown}
 u - a scroll of amnesia {unknown}
 v - a scroll of vulnerability {unknown}
 y - a scroll of enchant weapon {unknown}
Potions
 d - 2 potions of might
 e - a potion of lignification {unknown}
 f - 2 potions of magic {unknown}
 g - 2 potions of curing {unknown}
 q - 2 potions of heal wounds
 s - a potion of flight {unknown}
 x - a potion of mutation {unknown}
 z - a potion of attraction {unknown}


   Skills:
 + Level 4.2 Fighting
 * Level 4.0 Axes
 + Level 4.1 Armour
 + Level 5.1 Shields
 + Level 1.7 Spellcasting
 + Level 1.5 Conjurations


You had 7 spell levels left.
You knew the following spells:

 Your Spells              Type           Power      Damage    Failure   Level
a - Magic Dart            Conj           12%        1d3       52%         1

Your spell library contained the following spells:

 Spells                   Type           Power      Damage    Failure   Level
 Searing Ray              Conj           6%         2d4       67%         2
 Apportation              Tloc           0%         N/A       75%         1
 Ozocubu's Armour         Ice            0%         N/A       98%         3
 Alistair's Intoxication  Tmut/Pois      0%         N/A       100%        5
 Metabolic Englaciation   Hex/Ice        0%         N/A       100%        5
 Simulacrum               Ice/Necr       0%         N/A       100%        6


Dungeon Overview and Level Annotations

Branches:
Dungeon (4/15)
 Temple: D:4-7

Altars:
Vehumet

Annotations:
D:4 Pikel


Innate Abilities, Weirdness & Mutations

You cannot be hasted, slowed, berserked, paralysed or teleported.
You can dig through walls and to a lower floor.
You have a pair of large antennae on your head. (SInv)
Your four strong arms can wield two-handed weapons with a shield.


Message History

An iguana comes into view.
The lemure hits you but does no damage.
Pikel says, "You'll make a fine lemure."
You block Pikel's attack.
You slash Pikel!
Pikel is heavily wounded.
You closely miss the lemure. The lemure hits you but does no damage.
Pikel hits you with a +0 whip of electrocution!
You are electrocuted!!
Unknown command.
You hit Pikel but do no damage.
Pikel is heavily wounded.
You barely miss the lemure. The lemure hits you.
* * * LOW HITPOINT WARNING * * *
Pikel closely misses you.
A lemure comes into view.
Unknown command.
The lemure shouts!
You hit Pikel.
Pikel is heavily wounded.
You barely miss the lemure. Pikel hits you but does no damage.
The lemure hits you but does no damage. x2
Pikel hits you with a +0 whip of electrocution.
* * * LOW HITPOINT WARNING * * *
A lemure comes into view.
You hit Pikel.
Pikel is severely wounded.
You barely miss the lemure. The lemure hits you but does no damage.
You block Pikel's attack.
Unknown command.
You slash Pikel!
Pikel is almost dead.
You closely miss the lemure.
A lemure comes into view.
The lemure barely misses you. Pikel barely misses you.
Unknown command.
You miss Pikel.
Pikel is almost dead.
You hit the lemure. Pikel hits you but does no damage.
You are electrocuted!
You die...

### #.# #### #.##
..# #..###### #.#
#..##....
###.###..##....
####..............
#@....#..####.....
#K5..###..........
#5l.###
#####....##
....55## #.#.##
###.### #.#<## #.
#....# .. ###..#
.. ##†.# ## #...##


You could see Pikel (resistant), 4 lemures and an iguana.

Vanquished Creatures
  2 bullfrogs (D:4)
  An orc priest (D:3)
  2 orc wizards (D:3)
  3 adders
  2 dart slugs
  7 orcs (D:3)
  4 ball pythons
  4 endoplasms
  4 giant cockroaches
  3 hobgoblins
  5 quokkas
  2 bats
  2 frilled lizards
  3 goblins
  8 kobolds
  7 rats
59 creatures vanquished.

Notes
Turn   | Place    | Note
-------+----------+-------------------------------------------
     0 | D:1      | Jase the Formicid Fighter began the quest for the Orb.
     0 | D:1      | Reached XP level 1. HP: 18/18 MP: 1/1
   157 | D:1      | Reached XP level 2. HP: 24/24 MP: 2/2
   690 | D:2      | Reached XP level 3. HP: 28/29 MP: 3/3
   786 | D:2      | Found a faded altar of an unknown god.
   793 | D:2      | Prayed at the altar of an unknown god.
   793 | D:2      | Became a worshipper of Vehumet
   793 | D:2      | Reached * piety under Vehumet
   793 | D:2      | Offered knowledge of Magic Dart by Vehumet.
   796 | D:2      | Learned a level 1 spell: Magic Dart
  1374 | D:3      | Reached XP level 4. HP: 37/37 MP: 4/4
  1572 | D:3      | Reached ** piety under Vehumet
  1572 | D:3      | Offered knowledge of Searing Ray by Vehumet.
  1576 | D:3      | Reached skill level 1 in Conjurations
  1576 | D:3      | Reached XP level 5. HP: 42/42 MP: 6/6
  1582 | D:3      | Reached skill level 1 in Spellcasting
  2072 | D:4      | Noticed a bullfrog
  2079 | D:4      | Killed a bullfrog
  2080 | D:4      | Reached skill level 5 in Shields
  2080 | D:4      | Reached XP level 6. HP: 37/48 MP: 6/8
  2236 | D:4      | Noticed Pikel
  2255 | D:4      | Slain by Pikel

Illustrated notes

Levels and vault maps discovered:
D:1:      heliophobic_arrival_enchanted_forest, layout_basic
D:2:      layout_loops_cross, ebering_ecumenical_altar_box
D:3:      cheibrodos_pilgrimage, layout_loops_ring
D:4:      layout_rooms, uniq_pikel

Skill      XL: |  1  2  3  4  5  6 |
---------------+-------------------+-----
Axes           | 3 4 |  4.0
Conjurations   | 1 |  1.5
Spellcasting   | 1 |  1.7
Fighting       | 4 |  4.2
Armour         | 4 |  4.1
Shields        | 5 |  5.1

Action                     |  1- 3 |  4- 6 || total
---------------------------+-------+-------++-------
  Melee: War axe           |   102 |    77 ||   179
 Armour: Scale mail        |    59 |    43 ||   102
  Dodge: Dodged            |    47 |    31 ||    78
  Block: Buckler           |    27 |    20 ||    47

Table legend: (Time is in decaauts)
 A = Elapsed time spent in this place.
 B = Non-inter-level travel time spent in this place.
 C = Inter-level travel time spent in this place.
 D = Time resting spent in this place.
 E = Time spent auto-exploring this place.
 F = Levels seen in this place.
 G = Mean time per level.
                   A        B        C        D        E       F      G
               +--------+--------+--------+--------+--------+-----+--------+
         Total |   2322 |   2223 |     99 |    102 |   1600 |   4 |  580.5 |
       Dungeon |   2322 |   2223 |     99 |    102 |   1600 |   4 |  580.5 |
               +--------+--------+--------+--------+--------+-----+--------+

Top non-repeatable levels by time:
     D:3: 896 daAuts
     D:1: 619 daAuts
     D:2: 614 daAuts
     D:4: 192 daAuts
